 Dungeon Crawl Stone Soup version 0.28.0-53-g5a82cb258f (webtiles) character file.

Game seed: 13783955477665181702

69 NotreDorf the Poker (level 4, -6/55 HPs)
             Began as a Merfolk Berserker on Aug 20, 2022.
             Was a Believer of Trog.
             Mangled by an orc warrior
             ... wielding a +0 flail
              (16 damage)
             ... on level 3 of the Dungeon.
             The game lasted 00:05:42 (2038 turns).

NotreDorf the Poker (Merfolk Berserker)             Turns: 2038, Time: 00:05:43

Health: -6/55      AC:  4    Str: 19    XL:     4   Next: 20%
Magic:  4/4        EV: 13    Int:  6    God:    Trog [**....]
Gold:   110        SH:  0    Dex: 13    Spells: 3/3 levels left

rFire   . . .      SeeInvis .   l - +0 trident
rCold   . . .      Faith    .   (no shield)
rNeg    . . .      Spirit   .   b - +0 animal skin
rPois   .          Reflect  .   (no helmet)
rElec   .          Harm     .   h - +0 cloak
rCorr   .          Rampage  .   d - +0 pair of gloves
Will    .....                   (no boots)
Stlth   ..........              (no amulet)
HPRegen 0.18/turn               (no ring)
MPRegen 0.09/turn               (no ring)

@: berserking, very quick
A: (nimble swimmer 2), mertail
a: Renounce Religion, Berserk, Trog's Hand


You were on level 3 of the Dungeon.
You worshipped Trog.
Trog was pleased with you.
You visited 1 branch of the dungeon, and saw 3 of its levels.

You collected 110 gold pieces.

Inventory:

Hand Weapons
 a - a +0 spear
 l - a +0 trident (weapon)
Armour
 b - a +0 animal skin (worn)
 d - a +0 pair of gloves (worn)
 h - a +0 cloak (worn)
Scrolls
 c - 4 scrolls of identify {unknown}
 e - 4 scrolls of fog {unknown}
 g - a scroll of blinking {unknown}
 i - a scroll of enchant armour {unknown}
 j - a scroll of teleportation {unknown}
 n - a scroll of immolation {unknown}
Potions
 f - a potion of heal wounds {unknown}
 k - 2 potions of curing {unknown}
 m - a potion of brilliance {unknown}


   Skills:
 + Level 3.9 Fighting
 + Level 5.2 Polearms
 - Level 1.3 Armour
 + Level 3.7 Dodging
 + Level 1.7 Unarmed Combat


You had 3 spell levels left.
You didn't know any spells.
Your spell library was empty.

Dungeon Overview and Level Annotations

Branches:
Dungeon (3/15)

Altars:


Innate Abilities, Weirdness & Mutations

((You are very nimble when in or above water. (Stealth+, EV+, Speed+++)))
Your lower body shifts to a powerful aquatic tail in water.


Message History

The jackal bites you but does no damage.
An orc warrior comes into view. It is wielding a +0 flail.
The jackal barely misses you.
The orc warrior shouts!
You puncture the jackal!
You kill the jackal!
Trog accepts your kill.
You hear a shout!
You puncture the jackal!
You kill the jackal!
Trog accepts your kill.
You closely miss the orc warrior.
The orc warrior hits you with a +0 flail.
You hit the orc warrior.
The orc warrior is lightly wounded.
The orc warrior hits you with a +0 flail.
An orc comes into view. It is wielding a +0 dagger.
The orc warrior closely misses you.
You closely miss the orc warrior.
The orc warrior is lightly wounded.
The orc warrior hits you with a +0 flail!
* * * LOW HITPOINT WARNING * * *
A red film seems to cover your vision as you go berserk!
You feel yourself moving faster!
You feel mighty!
The orc warrior hits you with a +0 flail!
* * * LOW HITPOINT WARNING * * *
You puncture the orc warrior!
The orc warrior is moderately wounded.
You closely miss the orc warrior.
The orc warrior is moderately wounded.
The orc warrior misses you.
You hit the orc warrior but do no damage.
The orc warrior is moderately wounded.
The orc warrior closely misses you.
You hit the orc warrior.
The orc warrior is moderately wounded.
You puncture the orc warrior!
The orc warrior is severely wounded.
The orc warrior hits you with a +0 flail!
You die...

#.# ### .## #.# #.. ..#
#+# #.# #.# ..# #... #.#
#.##..#### #.... #.#####
#.†......##..h..
......###.....##.#......
.†..............oo.h....
..###.###.....##o#......
### #.# ##.#..##@# .>[.o
#.# #.##.##.# ....
#####.# #.##.##.# ...
......# #.......# +#
####### ####.#### #.#
#.# #.# #.#


You could see an orc warrior, an orc priest and an orc.

Vanquished Creatures
  An adder (D:2)
  2 dart slugs
  3 ball pythons (D:2)
  6 bats
  4 endoplasms
  4 giant cockroaches
  8 goblins
  5 hobgoblins
  3 jackals (D:3)
  4 kobolds
  A quokka (D:1)
  4 frilled lizards
  4 rats
49 creatures vanquished.

Notes
Turn   | Place    | Note
-------+----------+-------------------------------------------
     0 | D:1      | NotreDorf the Merfolk Berserker began the quest for the
                  | Orb.
     0 | D:1      | Reached XP level 1. HP: 18/18 MP: 1/1
   208 | D:1      | Reached XP level 2. HP: 24/24 MP: 2/2
   361 | D:1      | Reached skill level 1 in Unarmed Combat
   623 | D:1      | Reached XP level 3. HP: 29/29 MP: 3/3
   628 | D:1      | Reached ** piety under Trog
   629 | D:1      | Found a faded altar of an unknown god.
   933 | D:2      | Reached skill level 5 in Polearms
  1807 | D:3      | Reached XP level 4. HP: 37/37 MP: 4/4
  2027 | D:3      | Noticed an orc warrior
  2038 | D:3      | Mangled by an orc warrior

Illustrated notes

Levels and vault maps discovered:
D:1:      dpeg_arrival_tiny_j, layout_basic, shapermc_ecumenical_altar_pompeii,
          lemuel_old_faithful
D:2:      cheibrodos_helix_gallery, layout_loops_corners,
          chequers_decorated_corner
D:3:      layout_loops_corners, cheibrodos_ashenzari_chains, uniq_natasha

Skill      XL: |  1  2  3 |
---------------+----------+-----
Dodging        | 3 |  3.7
Unarmed Combat | 1 |  1.7
Polearms       | 5 |  5.2
Fighting       | |  3.9
Armour         | |  1.3

Action                   |  1- 3 |  4- 6 || total
-------------------------+-------+-------++-------
Melee: Spear             |   136 |       ||   136
       Punch             |     2 |     1 ||     3
       Trident           |     7 |    31 ||    38
Invok: Berserk           |       |     1 ||     1
 Stab: Sleeping          |     1 |     1 ||     2
Armor: Animal skin       |    26 |     5 ||    31
Dodge: Dodged            |    63 |    14 ||    77
